 Dungeon Crawl Stone Soup version 0.22-a0-21-g9421e3f (webtiles) character file.

516115 Ijustatesigmund the Slayer (level 24, 0/363 HPs)
             Began as a Minotaur Berserker on Dec 11, 2017.
             Was the Champion of Trog.
             Succumbed to an ushabti's dark miasma
             ... on level 2 of the Tomb of the Ancients on Jan 2, 2018.
             The game lasted 03:26:22 (52858 turns).

Ijustatesigmund the Slayer (Minotaur Berserker)    Turns: 52858, Time: 03:26:23

Health: 0/363      AC: 56    Str: 31 (33) XL:     24   Next: 49%
Magic:  23/30      EV: 19    Int:  4      God:    Trog [******]
Gold:   4327       SH: 26    Dex: 21      Spells: 23/23 levels left

rFire    + + .     SeeInvis .   L - +8 broad axe (protect)
rCold    + + .     Gourm    .   v - +2 large shield
rNeg     + + +     Faith    .   m - +11 gold dragon scales
rPois    +         Spirit   .   N - +2 hat of Summertime {rElec rCorr Str+6 Int-3}
rElec    +         Reflect  .   k - +2 cloak {MR+}
rCorr    +         Harm     .   u - +5 pair of gloves "Wadaxyut" {+Inv rN++ Str-3}
MR       ++++.                  M - +2 pair of boots of Pustil {rPois}
Stlth    ..........             o - macabre finger necklace {rN+}
HPRegen  1.00/turn              C - +3 ring of evasion
MPRegen  0.22/turn              D - ring "Lurecw" {rCorr +Inv rElec Int+3 Stlth-}
                                n - ring "Wuafigeg" {rF+ rC+ rN+ Stlth+}

@: berserking, lethally poisoned (0 -> -8), protection aura, recuperating,
diseased, hasted and slowed
A: retaliatory headbutt, horns 2, agile 1, blurry vision 1
}: 2/15 runes: serpentine, silver
a: Berserk, Trog's Hand, Brothers in Arms, Burn Spellbooks, Renounce Religion,
Evoke Invisibility


You were on level 2 of the Tomb of the Ancients.
You worshipped Trog.
Trog was exalted by your worship.
You were not hungry.

You visited 8 branches of the dungeon, and saw 40 of its levels.
You also visited: Labyrinth, Ice Cave, Volcano and Desolation.

You collected 7709 gold pieces.
You spent 3382 gold pieces at shops.

Inventory:

Hand Weapons
 L - a +8 broad axe of protection (weapon)
Missiles
 t - 6 silver javelins
 G - 7 javelins of penetration (quivered)
Armour
 k - a +2 cloak of magic resistance (worn)
 m - +11 gold dragon scales (worn)
 r - the +0 pair of gloves of the Shore {rF++}
   (You found it on level 5 of the Dungeon)

   It greatly protects you from fire.
 u - the +5 pair of gloves "Wadaxyut" (worn) {+Inv rN++ Str-3}
   (You found it on level 5 of the Vaults)

   It affects your strength (-3).
   It greatly protects you from negative energy.
   It lets you turn invisible.
 v - a +2 large shield (worn)
 M - the +2 pair of boots of Pustil (worn) {rPois}
   (You found it in the Desolation of Salt)

   It protects you from poison.
 N - the +2 hat of Summertime (worn) {rElec rCorr Str+6 Int-3}
   (You found it in the Desolation of Salt)

   It affects your strength (+6).
   It affects your intelligence (-3).
   It insulates you from electricity.
   It protects you from acid and corrosion.
 P - the +3 pair of gauntlets of War {Slay+5}
   (You found it on level 3 of the Lair of Beasts)

   It affects your accuracy and damage with ranged weapons and melee attacks
   (+5).
Jewellery
 n - the ring "Wuafigeg" (on amulet) {rF+ rC+ rN+ Stlth+}
   (You took it off a deep elf death mage on level 3 of the Elven Halls)

   [ring of positive energy]

   It protects you from fire.
   It protects you from cold.
   It protects you from negative energy.
   It makes you more stealthy.
 o - the macabre finger necklace (around neck) {rN+}
   (You found it in the Desolation of Salt)

   [amulet of nothing]

   It protects you from negative energy.
 C - a +3 ring of evasion (left hand)
 D - the ring "Lurecw" (right hand) {rCorr +Inv rElec Int+3 Stlth-}
   (You found it on level 8 of the Dungeon)

   [ring of resist corrosion]

   It affects your intelligence (+3).
   It insulates you from electricity.
   It lets you turn invisible.
   It makes you less stealthy.
 T - an uncursed ring of protection from magic
Wands
 j - a wand of digging (74)
 y - a wand of clouds (2)
 A - a wand of scattershot (12)
 B - a wand of acid (8)
 E - a wand of polymorph (71)
 K - a wand of paralysis (19)
 O - a wand of iceblast (33)
Scrolls
 b - a scroll of brand weapon
 d - 7 scrolls of fear
 p - 20 scrolls of teleportation
 q - 19 scrolls of remove curse
 s - 4 scrolls of blinking
 x - 3 scrolls of silence
 S - 5 scrolls of identify
 W - 4 scrolls of magic mapping
 X - 7 scrolls of fog
 Z - 5 scrolls of holy word
Potions
 e - 4 potions of brilliance
 f - 12 potions of curing
 g - 4 potions of haste
 h - 2 potions of resistance
 w - 3 potions of agility
 z - 5 potions of might
 F - 3 potions of flight
 H - 2 potions of invisibility
 Q - 3 potions of ambrosia
 R - 2 potions of magic
 U - a potion of berserk rage
 Y - 4 potions of cancellation
Books
 I - a book of the Earth

   Spells                             Type                      Level
   a - Leda's Liquefaction            Hexes/Earth                  4
   b - Bolt of Magma                  Conjuration/Fire/Earth       5
   c - Statue Form                    Transmutation/Earth          6
   d - Iron Shot                      Conjuration/Earth            6
   e - Shatter                        Earth                        9
   Trog disapproves of the use of such an item.
 J - a book of Conjurations

   Spells                             Type                      Level
   a - Magic Dart                     Conjuration                  1
   b - Searing Ray                    Conjuration                  2
   c - Dazzling Spray                 Conjuration/Hexes            3
   d - Fulminant Prism                Conjuration/Hexes            4
   e - Force Lance                    Conjuration/Translocation    4
   f - Iskenderun's Mystic Blast      Conjuration                  4
   Trog disapproves of the use of such an item.
 V - a book of Party Tricks

   Spells                             Type                      Level
   a - Summon Butterflies             Summoning                    1
   b - Apportation                    Translocation                1
   c - Lesser Beckoning               Translocation                3
   d - Tukima's Dance                 Hexes                        3
   e - Alistair's Intoxication        Transmutation/Poison         5
   f - Invisibility                   Hexes                        6
   Trog disapproves of the use of such an item.
Miscellaneous
 a - 2 phantom mirrors
Comestibles
 c - 30 rations


   Skills:
 + Level 25.0 Fighting
 + Level 24.4 Axes
   Level 4.0 Crossbows
 - Level 13.5 Throwing
 - Level 18.8 Armour
 - Level 16.0 Dodging
 - Level 17.6 Shields
 - Level 11.0 Evocations


You had 23 spell levels left.
You didn't know any spells.

Dungeon Overview and Level Annotations

Branches:
Dungeon (15/15)            Temple (0/1) D:5            Lair (6/6) D:10
 Shoals (0/4) Lair:2        Snake (4/4) Lair:3        Slime (0/5) Lair:5
    Orc (2/2) D:9             Elf (3/3) Orc:2        Vaults (5/5) D:14
  Crypt (3/3) Vaults:3       Tomb (2/3) Crypt:3      Depths (0/5) D:15

Altars:
Cheibriados
Gozag
Kikubaaqudgha
Okawaru
Trog
Vehumet
Xom
Beogh

Shops:
D:5 :   D:7 :   D:8 (   D:9 %   D:10 *   D:12 (   Orc:2 (?}%   Elf:1 [%*
Snake:4 *([=(   Vaults:2 =   Vaults:5 %%?

Portals:
Pandemonium: Orc:2
Trove: D:10 (give 2 scrolls of acquirement)

Annotations:
Elf:2 2 runed doors


Innate Abilities, Weirdness & Mutations

You reflexively headbutt those who attack you in melee.
You have a pair of horns on your head.
You are agile. (Dex +2)
Scrolls take you a little longer to read.


Message History

You block the death scarab's attack. The death scarab completely misses you.
You furiously retaliate!
You headbutt the death scarab! The death scarab closely misses you.
You hear a distant "Zot"!
You block the death scarab's attack.
The mummy priest calls on the powers of darkness!
You feel a surge of unholy energy. The death scarab misses you.
You furiously retaliate!
You headbutt the death scarab!!
The phantasmal warrior hits you but does no damage.
A death scarab comes into view.
You closely miss the death scarab.
The death scarab is almost destroyed.
You slash the death scarab!
You destroy the death scarab!
Trog accepts your kill.
You slash the death scarab! You slice the death scarab!!
You destroy the death scarab!
Trog accepts your kill.
You slash the phantasmal warrior!
You die...

.................
#....s.M...M..3...
#....WMnW..5.M....
#.....5Z3..M......
#...5W.M..8.......
#..ZWMMM.§ZM......
#Zn.M§.W..W.......
#s.sszMM..#...#...
#@s8WV8Ms.WM..(...
#.WsVMMWW......
#zzZ...n{.W....
#...####M.Z....
#...# W......
#...# ...s...
#.... .......
#..... .......


You could see 2 greater mummies, 2 mummy priests, a sun demon, 3 phantasmal
warriors, 5 guardian mummies, 2 ushabtiu, 2 freezing wraiths, a spectral storm
dragon, a spectral tengu, 2 hungry ghosts, 2 vampires, 2 wraiths, 7 death
scarabs, 3 necrophages, 2 flying skulls, 4 mummies, a wight, a titan simulacrum,
2 ufetubi and a shadow dragon skeleton.

Vanquished Creatures
  2 ancient liches
  Mara (Tomb:1)
  3 greater mummies (Tomb:1)
  Margery (Crypt:2)
  A golden dragon (Vaults:5)
  Jorgrun (Snake:3)
  3 tentacled monstrosities
  6 liches
  A deep elf blademaster (Elf:3)
  2 titans (Vaults:5)
  2 deep elf master archers (Elf:3)
  A quicksilver dragon (Vaults:5)
  12 sphinxes
  A storm dragon (Vaults:5)
  5 shadow dragons
  2 ancient champions (Crypt:1)
  Donald (Orc:2)
  6 nagarajas
  6 tengu reavers
  6 frost giants
  2 revenants
  6 fire giants
  An orc warlord (Orc:2)
  11 deep elf sorcerers
  15 vault wardens
  A juggernaut zombie (D:15)
  4 reapers (Crypt:3)
  18 ironheart preservers
  3 curse skulls
  9 stone giants
  4 deep elf elementalists
  5 ghouls
  An entropy weaver (Vaults:2)
  2 war gargoyles (Vaults:5)
  7 very ugly things
  2 vampire knights (Crypt:1)
  2 bennus (Tomb:1)
  7 deep elf demonologists
  5 deep elf annihilators
  Nessos (Lair:5)
  2 halazid warlocks (Desolation)
  4 ettins
  12 eidola
  10 deep elf death magi
  5 jiangshi
  2 blizzard demons (IceCv)
  A quicksilver dragon zombie (Crypt:3)
  10 mummy priests
  12 yaktaur captains
  A minotaur (Lab)
  2 crystal guardians (Desolation)
  2 quicksilver dragon skeletons
  5 fire dragons
  7 ragged hierophants (Desolation)
  Erolcha (D:12)
  A deep elf high priest (Vaults:5)
  Fannar (D:12)
  24 vault guards (Vaults:5)
  13 peacekeepers (Desolation)
  12 naga warriors
  10 hydras
  7 servants of whispers (Desolation)
  2 great orbs of eyes
  7 ice dragons
  8 anacondas
  12 centaur warriors
  28 dancing weapons
  33 two-headed ogres
  6 death knights
  2 deep troll earth magi
  A small abomination (Crypt:3)
  2 deep troll shamans
  23 death scarabs
  10 ogre magi
  7 orc high priests
  A titan zombie (Crypt:3)
  6 soul eaters (Crypt:3)
  8 naga sharpshooters
  A storm dragon zombie (Crypt:3)
  A vampire mage (Crypt:1)
  5 shock serpents
  3 hell knights
  A sun demon (Orc:2)
  Sonja (Lair:1)
  11 deep elf knights
  17 skeletal warriors
  2 shadow wraiths
  An iron troll (D:14)
  15 slime creatures
  A salamander mystic (Snake:3)
  8 deep trolls
  2 anaconda zombies (Crypt:3)
  An unseen horror (Vaults:1)
  An infernal demonspawn (Orc:2)
  A quicksilver dragon simulacrum (Crypt:2)
  2 glowing orange brains (Vaults:1)
  A torturous demonspawn (Orc:2)
  8 naga ritualists
  A swamp dragon (Lair:6)
  7 wizards
  2 flayed ghosts
  11 ironbrand convokers
  A sphinx zombie (D:15)
  An obsidian statue (Volcano)
  17 necromancers
  24 orc knights
  A shadow dragon zombie (Crypt:1)
  2 lindwurms
  An anaconda skeleton (Crypt:3)
  8 mana vipers
  67 deep elf magi
  5 harpies
  11 deep elf archers
  12 phantasmal warriors
  29 ugly things
  2 frost giant zombies
  3 iron dragon zombies
  An oklob plant (Lair:5)
  A mana viper (shapeshifter) (Vaults:4)
  14 orc sorcerers
  6 wolf spiders
  A salamander (shapeshifter) (Vaults:5)
  7 cyclopes
  A stone giant zombie (Crypt:3)
  A fire giant skeleton (Tomb:1)
  An ice statue (Snake:4)
  7 salamanders
  4 frost giant skeletons (Crypt:3)
  11 elephants
  A fire giant zombie (Crypt:3)
  41 black mambas
  Joseph (D:9)
  3 manticores
  A black mamba (shapeshifter) (D:14)
  18 naga magi
  2 stone giant skeletons
  A guardian serpent (shapeshifter) (Vaults:5)
  11 guardian serpents
  2 molten gargoyles (Desolation)
  5 torpor snails (Lair:6)
  20 vault sentinels
  An iron dragon skeleton (Crypt:3)
  5 dire elephant zombies
  3 gargoyles
  4 centaur skeletons
  A smoke demon (Volcano)
  9 spiny frogs
  A human zombie (Vaults:3)
  A komodo dragon (shapeshifter) (Vaults:3)
  A rime drake (shapeshifter) (Vaults:3)
  5 ice devils (IceCv)
  26 freezing wraiths
  5 komodo dragons
  2 kobold demonologists (D:15)
  An efreet (D:15)
  18 rime drakes
  53 yaktaurs
  2 golden dragon simulacra (IceCv)
  3 anaconda simulacra (IceCv)
  14 hellwings
  14 guardian mummies
  2 catoblepas skeletons
  2 red devils
  A death yak skeleton (Crypt:2)
  10 trolls
  The ghost of Salmacis the Skirmisher, an amateur CeBe of Trog (D:3)
  An iron troll skeleton (Crypt:1)
  A jumping spider (Vaults:2)
  A meliai (shapeshifter) (Vaults:2)
  A polar bear (Lair:6)
  9 hornets
  2 spectral guardian serpents (Crypt:1)
  A wind drake (shapeshifter) (Vaults:2)
  A meliai zombie (D:13)
  79 saltlings (Desolation)
  4 tyrant leeches (Lair:6)
  11 dream sheep
  An ice dragon zombie (Crypt:1)
  2 ettin zombies
  2 hippogriffs (shapeshifter)
  A harpy skeleton (Crypt:3)
  9 hippogriffs
  4 air elementals
  5 shadows
  An ettin skeleton (Crypt:3)
  5 blink frogs (Lair:1)
  A snapping turtle (shapeshifter) (Vaults:2)
  3 redbacks (Vaults:2)
  Sigmund (D:3)
  11 flying skulls
  A vampire (D:15)
  3 dire elephant simulacra (IceCv)
  4 ushabtiu
  3 hogs (D:10)
  3 water elementals
  A black mamba skeleton (Crypt:2)
  A human (shapeshifter) (Vaults:3)
  3 fire elementals (Elf:2)
  25 yaks
  8 wraiths
  A basilisk (shapeshifter) (Vaults:3)
  An elf zombie (D:15)
  A hog (shapeshifter) (Vaults:3)
  6 basilisks
  A human (D:10)
  A wyvern (Lair:3)
  2 chaos spawn (Orc:2)
  2 hungry ghosts
  A death yak simulacrum (IceCv)
  6 fire bats (Volcano)
  7 wargs
  12 steam dragons
  12 vampire mosquitoes
  A human simulacrum (Vaults:2)
  A faun zombie (Crypt:2)
  A harpy simulacrum (IceCv)
  19 water moccasins
  65 nagas
  A hell hound (Volcano)
  4 iron troll simulacra (IceCv)
  2 acid dragons
  2 soldier ants
  A spiny frog zombie (Crypt:2)
  A water moccasin (shapeshifter) (D:15)
  6 porcupines
  A hydra simulacrum (IceCv)
  A meliai simulacrum (D:13)
  A swamp drake (Lair:6)
  3 black bears
  An ettin simulacrum (IceCv)
  50 orc warriors
  4 ice beasts
  4 sky beasts
  An eye of draining (shapeshifter) (Elf:2)
  A dream sheep zombie (Crypt:1)
  An elephant zombie (Crypt:2)
  35 ogres
  A tengu (shapeshifter) (Elf:2)
  A necrophage (Crypt:2)
  2 phantoms
  A snapping turtle skeleton (Crypt:1)
  A boggart (Elf:1)
  5 wolves
  12 centaurs
  A swamp dragon skeleton (Tomb:1)
  8 crocodiles
  2 elf skeletons
  5 big kobolds
  16 bullfrogs
  A gnoll sergeant (D:6)
  4 earth elementals
  6 scorpions
  9 wyvern skeletons (Crypt:3)
  3 swamp dragon simulacra (IceCv)
  5 killer bees (D:10)
  A howler monkey (shapeshifter) (Vaults:5)
  8 wights
  4 howler monkeys
  11 electric eels
  7 lava snakes (Volcano)
  7 crimson imps
  4 centaur zombies
  A quasit (D:10)
  A wyvern simulacrum (D:9)
  8 hounds
  2 draconian simulacra (IceCv)
  6 jellies
  5 bullfrog skeletons
  26 orc priests
  Terence (D:3)
  A soldier ant zombie (Crypt:2)
  Jessica (D:2)
  11 iguanas
  16 orc wizards
  14 worker ants
  A spriggan simulacrum (IceCv)
  3 troll simulacra (IceCv)
  A wolf simulacrum (IceCv)
  A tengu zombie (Crypt:1)
  A bullfrog simulacrum (D:9)
  2 hound skeletons
  12 mummies
  5 gnolls
  14 adders
  4 naga simulacra (IceCv)
  3 ogre simulacra (IceCv)
  A shadow imp (D:9)
  9 white imps
  4 ufetubi
  An ooze (D:2)
  2 adder zombies
  An adder skeleton (D:6)
  2 dart slugs (D:3)
  3 worms
  10 leopard geckos
  130 orcs
  5 ball pythons
  7 bats
  5 giant cockroaches
  8 goblins
  5 hobgoblins
  4 jackals (D:1)
  6 quokkas
  6 frilled lizards
  A giant cockroach zombie (Crypt:1)
  A jackal skeleton (D:5)
  16 kobolds
  A leopard gecko zombie (Crypt:2)
  A quokka skeleton (D:4)
  8 rats
  5 fungi
  5 plants
  2 withered plants (Crypt:3)
2086 creatures vanquished.

Vanquished Creatures (collateral kills)
  4 ghouls (Crypt:2)
  A vampire knight (Crypt:2)
  A hydra (D:10)
  A black bear (D:10)
  A komodo dragon zombie (Crypt:2)
  3 wights (Crypt:2)
11 creatures vanquished.

Vanquished Creatures (others)
  An ancient lich (Vaults:5)
  A deep elf blademaster (Elf:3)
  An ettin (Vaults:5)
  A ragged hierophant (Desolation)
  A yaktaur captain (Vaults:5)
  An ogre mage (Vaults:5)
  15 death scarabs (Tomb:2)
  A deep elf knight (Elf:1)
  A guardian serpent (Snake:1)
  A rime drake (Lair:3)
  2 ogres (Vaults:5)
  A boggart (Elf:1)
  2 orc priests (Orc:1)
  A white imp (D:9)
  3 orcs
  6 fungi
  5 plants
  6 withered plants (D:15)
50 creatures vanquished.

Grand Total: 2147 creatures vanquished

Notes
Turn   | Place    | Note
-------+----------+-------------------------------------------
     0 | D:1      | Ijustatesigmund the Minotaur Berserker began the quest for the Orb.
     0 | D:1      | Reached XP level 1. HP: 19/19 MP: 0/0
    96 | D:1      | Reached skill level 4 in Fighting
    96 | D:1      | Reached XP level 2. HP: 25/27 MP: 1/1
   353 | D:1      | Reached ** piety under Trog
   423 | D:1      | Reached XP level 3. HP: 34/34 MP: 2/2
   810 | D:2      | Noticed Jessica
   813 | D:2      | Killed Jessica
   813 | D:2      | Reached skill level 5 in Fighting
   813 | D:2      | Reached skill level 5 in Axes
   813 | D:2      | Reached XP level 4. HP: 42/42 MP: 3/3
  1194 | D:3      | Noticed Terence
  1202 | D:3      | Killed Terence
  1202 | D:3      | Reached XP level 5. HP: 49/49 MP: 4/4
  1444 | D:3      | Reached *** piety under Trog
  1448 | D:3      | Noticed Salmacis's ghost (amateur CeBe)
  1459 | D:3      | Killed Salmacis's ghost
  1459 | D:3      | Reached skill level 6 in Fighting
  1459 | D:3      | Reached XP level 6. HP: 58/58 MP: 5/5
  1517 | D:3      | Noticed Sigmund
  1524 | D:3      | Killed Sigmund
  1524 | D:3      | Reached XP level 7. HP: 64/64 MP: 6/6
  2243 | D:4      | Reached skill level 7 in Fighting
  2247 | D:4      | Reached skill level 5 in Armour
  2870 | D:5      | Entered Level 5 of the Dungeon
  3056 | D:5      | Reached XP level 8. HP: 69/74 MP: 7/7
  3122 | D:5      | Got a pair of pitted gloves
  3128 | D:5      | Identified the +0 pair of gloves of the Shore {rF++} (You found it on level 5 of the Dungeon)
  3158 | D:5      | Reached skill level 8 in Fighting
  3219 | D:5      | Found a staircase to the Ecumenical Temple.
  3388 | D:5      | Found Dughuodese's Book Shoppe.
  3769 | D:6      | Reached **** piety under Trog
  3918 | D:6      | Reached skill level 1 in Shields
  3994 | D:6      | Found a shimmering altar of Xom.
  4813 | D:7      | Reached skill level 5 in Dodging
  4842 | D:7      | Found a snail-covered altar of Cheibriados.
  5051 | D:7      | Found Rutiala's Book Emporium.
  5140 | D:7      | Reached XP level 9. HP: 82/82 MP: 8/8
  5757 | D:8      | Found a shimmering altar of Xom.
  5808 | D:8      | Reached skill level 5 in Shields
  7198 | D:8      | Found an opulent altar of Gozag.
  7203 | D:8      | Got a crude ivory ring
  7217 | D:8      | Identified the ring "Lurecw" {rCorr +Inv rElec Int+3 Stlth-} (You found it on level 8 of the Dungeon)
  7279 | D:8      | Noticed a two-headed ogre
  7286 | D:8      | Killed a two-headed ogre
  7286 | D:8      | Reached skill level 9 in Fighting
  7286 | D:8      | Reached skill level 1 in Evocations
  7443 | D:8      | Found Jilusch's Antique Weapon Boutique.
  7451 | D:8      | Bought a glowing war axe for 130 gold pieces
  7612 | D:9      | Reached XP level 10. HP: 65/91 MP: 10/10
  7797 | D:9      | Found Jaunous's Food Shoppe.
  7854 | D:9      | Reached ***** piety under Trog
  7934 | D:9      | Received a gift from Trog
  8089 | D:9      | Noticed Joseph
  8098 | D:9      | Killed Joseph
  8104 | D:9      | Found a staircase to the Orcish Mines.
  8140 | D:9      | Reached skill level 10 in Axes
  8144 | D:9      | Reached skill level 10 in Fighting
  8493 | D:10     | Entered Level 10 of the Dungeon
  8496 | D:10     | Noticed an eight-headed hydra
  8497 | D:10     | Noticed a two-headed ogre
  8650 | D:10     | Found Qaufot's Assorted Antiques.
  8653 | D:10     | Bought a diamond ring for 140 gold pieces
  8936 | D:10     | Noticed a two-headed ogre
  8948 | D:10     | Killed a two-headed ogre
  9264 | D:10     | Reached XP level 11. HP: 88/101 MP: 13/13
  9268 | D:10     | Reached skill level 11 in Fighting
  9337 | D:10     | Killed a nine-headed hydra
  9438 | D:10     | Found a staircase to the Lair.
  9854 | D:10     | Found a portal to a secret trove of treasure.
  9864 | D:10     | Killed a two-headed ogre
 10107 | D:11     | Noticed a green ugly thing
 10146 | D:11     | Killed a green ugly thing
 10361 | D:11     | Noticed a skeletal warrior
 10386 | D:11     | Killed a skeletal warrior
 10386 | D:11     | Reached skill level 12 in Fighting
 10577 | D:11     | Noticed a skeletal warrior
 10577 | D:11     | Noticed a skeletal warrior
 10601 | D:11     | Killed a skeletal warrior
 10602 | D:11     | Killed a skeletal warrior
 10723 | D:11     | Noticed a skeletal warrior
 10735 | D:11     | Killed a skeletal warrior
 10910 | D:11     | Noticed a centaur warrior
 10912 | D:11     | Noticed a two-headed ogre
 10921 | D:11     | Killed a two-headed ogre
 10921 | D:11     | Reached skill level 13 in Fighting
 10925 | D:11     | Killed a centaur warrior
 11307 | D:12     | Noticed a two-headed ogre
 11320 | D:11     | Reached XP level 12. HP: 84/115 MP: 14/14
 11436 | D:11     | Killed a two-headed ogre
 11828 | D:12     | Noticed Fannar
 11860 | D:12     | Killed Fannar
 12025 | D:12     | Got a jewelled hand axe
 12026 | D:12     | Identified the +7 hand axe of the Hero {chop, rF+ MP+9 Int+4} (You found it on level 12 of the Dungeon)
 12055 | D:12     | Noticed Erolcha
 12064 | D:12     | Killed Erolcha
 12064 | D:12     | Reached skill level 14 in Fighting
 12307 | D:12     | Found a bloodstained altar of Trog.
 12354 | D:12     | Received a gift from Trog
 12414 | D:12     | Found Pecy's Antique Weapon Shop.
 12594 | Lair:1   | Entered Level 1 of the Lair of Beasts
 12615 | Lair:1   | Found a labyrinth entrance.
 12625 | Lair:1   | Noticed a five-headed hydra
 12626 | Lab      | Entered a labyrinth
 12716 | Lab      | Noticed a minotaur
 12723 | Lab      | Killed a minotaur
 12739 | Lab      | Got an ancient quarterstaff {distort}
 12745 | Lab      | Identified the +3 quarterstaff of Tender Mercy {distort, +Fly rElec MP+9} (You took it off a minotaur in a labyrinth)
 12782 | Lair:1   | Killed a ten-headed hydra
 13027 | Lair:1   | Noticed Sonja
 13073 | Lair:2   | Noticed a seven-headed hydra
 13152 | Lair:2   | Found a dark tunnel.
 13157 | Volcano  | Entered a volcano
 13193 | Volcano  | Received a gift from Trog
 13274 | Volcano  | Found a burning altar of Makhleb.
 13659 | Lair:2   | Reached skill level 5 in Evocations
 13659 | Lair:2   | Reached XP level 13. HP: 125/125 MP: 15/15
 13788 | Lair:2   | Found a staircase to the Shoals.
 14174 | Lair:3   | Reached skill level 1 in Throwing
 14204 | Lair:3   | Found a staircase to the Snake Pit.
 14767 | Lair:1   | Killed Sonja
 15418 | Lair:3   | Reached ****** piety under Trog
 15682 | Lair:3   | Reached skill level 5 in Throwing
 15855 | Lair:3   | Received a gift from Trog
 16047 | Lair:3   | Found the +3 pair of gauntlets of War {Slay+5}
 16402 | Lair:4   | Upgraded the game from 0.21-a0-529-g8c7b3f5 to 0.21-a0-531-gacddea6
 16441 | Lair:4   | Reached skill level 15 in Fighting
 16441 | Lair:4   | Reached skill level 15 in Axes
 16502 | Lair:4   | Received a gift from Trog
 17424 | Lair:5   | Noticed Nessos
 17442 | Lair:5   | Killed Nessos
 17463 | Lair:5   | Reached XP level 14. HP: 128/135 MP: 19/19
 17549 | Lair:5   | Gained mutation: Your body sometimes deteriorates upon taking damage. [potion of mutation]
 17549 | Lair:5   | Gained mutation: You are partially covered in slimy green scales. (AC +2) [potion of mutation]
 17549 | Lair:5   | Gained mutation: You have a somewhat thin skeletal structure. (Dex +2, Stealth) [potion of mutation]
 17766 | Lair:5   | Found a staircase to the Slime Pits.
 18156 | Lair:6   | Entered Level 6 of the Lair of Beasts
 18426 | Lair:6   | Received a gift from Trog
 18545 | Lair:6   | Reached skill level 10 in Shields
 19177 | Lair:6   | Reached skill level 16 in Fighting
 19835 | Lair:6   | Found a runed door.
 20406 | Orc:1    | Entered Level 1 of the Orcish Mines
 20426 | Orc:1    | Received a gift from Trog
 20465 | Orc:2    | Entered Level 2 of the Orcish Mines
 20492 | Orc:1    | Found a radiant altar of Vehumet.
 20823 | Orc:1    | Upgraded the game from 0.21-a0-531-gacddea6 to 0.21-a0-536-gdbbf329
 21353 | Orc:1    | Found a roughly hewn altar of Beogh.
 21517 | Orc:2    | Found a staircase to the Elven Halls.
 21866 | Orc:2    | Received a gift from Trog
 21871 | Orc:2    | Reached XP level 15. HP: 142/145 MP: 20/20
 21876 | Orc:2    | Received a gift from Trog
 21882 | Orc:2    | Noticed an orc warlord
 21883 | Orc:2    | Noticed Donald
 21897 | Orc:2    | Killed Donald
 21899 | Orc:2    | Killed an orc warlord
 22166 | Orc:2    | Found Jebiv's Food Shop.
 22171 | Orc:2    | Found Bieck's Magic Scroll Boutique.
 22685 | Orc:2    | Reached skill level 10 in Dodging
 22730 | Orc:2    | Reached skill level 10 in Armour
 22747 | Orc:2    | Received a gift from Trog
 23068 | Orc:2    | Found Wutof's Gadget Emporium.
 23068 | Orc:2    | Found Seatoo's Antique Weapon Shoppe.
 23068 | Orc:2    | Found a one-way gate leading to the halls of Pandemonium.
 23156 | Orc:2    | Bought a scroll of enchant weapon for 97 gold pieces
 23156 | Orc:2    | Bought a scroll of brand weapon for 260 gold pieces
 23156 | Orc:2    | Bought a scroll of magic mapping for 45 gold pieces
 23156 | Orc:2    | Bought a scroll of enchant weapon for 97 gold pieces
 23156 | Orc:2    | Bought a scroll of identify for 26 gold pieces
 23205 | Elf:1    | Entered Level 1 of the Elven Halls
 23231 | Elf:1    | Received a gift from Trog
 23605 | Elf:1    | Found Orghaett's Assorted Antiques.
 23609 | Elf:1    | Found Gaelily's Food Boutique.
 23610 | Elf:1    | Found Quic's Antique Armour Shop.
 23613 | Elf:1    | Bought a scroll of fog for 72 gold pieces
 23617 | Elf:1    | Bought a pair of twisted gloves for 389 gold pieces
 23617 | Elf:1    | Bought a scorched plate armour for 1148 gold pieces
 23617 | Elf:1    | Identified the cursed +0 plate armour "Cetiorch" {rPois Regen+ Int+3} (You bought it in a shop on level 1 of the Elven Halls)
 23642 | Elf:1    | Identified the +1 pair of gloves "Buegh" {rPois} (You bought it in a shop on level 1 of the Elven Halls)
 23711 | Elf:1    | Noticed a deep elf sorcerer
 23725 | Elf:1    | Killed a deep elf sorcerer
 23823 | Elf:1    | Noticed a deep elf sorcerer
 23834 | Elf:1    | Killed a deep elf sorcerer
 23904 | Elf:1    | Noticed a deep elf sorcerer
 23911 | Elf:1    | Killed a deep elf sorcerer
 24040 | Elf:1    | Bought a potion of mutation for 288 gold pieces
 24040 | Elf:1    | Lost mutation: Your body sometimes deteriorates upon taking damage. [potion of mutation]
 24040 | Elf:1    | Lost mutation: You are partially covered in slimy green scales. (AC +2) [potion of mutation]
 24040 | Elf:1    | Lost mutation: You have a somewhat thin skeletal structure. (Dex +2, Stealth) [potion of mutation]
 24040 | Elf:1    | Gained mutation: You are frail. (-10% HP) [potion of mutation]
 24040 | Elf:1    | Gained mutation: Your mind is acute. (Int +2) [potion of mutation]
 24040 | Elf:1    | Gained mutation: Your spells are a little harder to cast, but a little more powerful. [potion of mutation]
 24040 | Elf:1    | Gained mutation: You are agile. (Dex +2) [potion of mutation]
 24533 | Elf:1    | Received a gift from Trog
 24542 | Elf:1    | Reached XP level 16. HP: 115/138 MP: 22/22
 24597 | Elf:1    | Bought a pair of boots for 184 gold pieces
 25105 | Snake:1  | Entered Level 1 of the Snake Pit
 25492 | Snake:1  | Reached skill level 17 in Fighting
 26262 | Snake:1  | Reached skill level 10 in Evocations
 26614 | Snake:2  | Received a gift from Trog
 26994 | Snake:2  | Found an iron altar of Okawaru.
 27056 | Snake:2  | Lost mutation: Your mind is acute. (Int +2) [potion of mutation]
 27056 | Snake:2  | Lost mutation: Your spells are a little harder to cast, but a little more powerful. [potion of mutation]
 27056 | Snake:2  | Lost mutation: You are frail. (-10% HP) [potion of mutation]
 27056 | Snake:2  | Lost mutation: You are agile. (Dex +2) [potion of mutation]
 27056 | Snake:2  | Gained mutation: Your spells are a little harder to cast, but a little more powerful. [potion of mutation]
 27056 | Snake:2  | Lost mutation: Your spells are a little harder to cast, but a little more powerful. [potion of mutation]
 27056 | Snake:2  | Gained mutation: You are clumsy. (Dex -2) [potion of mutation]
 27056 | Snake:2  | Gained mutation: You are partially covered in slimy green scales. (AC +2) [potion of mutation]
 27206 | Snake:2  | Received a gift from Trog
 27409 | Snake:3  | Noticed Jorgrun
 27418 | Snake:3  | Killed Jorgrun
 27685 | Snake:2  | Upgraded the game from 0.21-a0-536-gdbbf329 to 0.21-a0-582-g1b93aee
 27704 | Snake:3  | Received a gift from Trog
 28170 | Snake:4  | Entered Level 4 of the Snake Pit
 28177 | Snake:4  | Found Woclup's Antique Armour Shop.
 28213 | Snake:4  | Found a frozen archway.
 28242 | IceCv    | Entered an ice cave
 28736 | IceCv    | Received a gift from Trog
 28795 | IceCv    | Received a gift from Trog
 28897 | IceCv    | Identified the Catalogue of Nocuous Flight
 29156 | Snake:4  | Reached XP level 17. HP: 159/163 MP: 21/24
 29165 | Snake:4  | Received a gift from Trog
 29191 | Snake:4  | Found Juruaxyo's Jewellery Boutique.
 29243 | Snake:4  | Found Toawav's Weapon Shop.
 29333 | Snake:4  | Reached skill level 18 in Fighting
 29377 | Snake:4  | Found Mutuluas's Antique Weapon Emporium.
 29680 | Snake:4  | Found Mel Load's General Store.
 29688 | Snake:4  | Bought a scroll of identify for 34 gold pieces
 29688 | Snake:4  | Bought a scroll of identify for 34 gold pieces
 30039 | Snake:4  | Received a gift from Trog
 30280 | Snake:4  | Got a serpentine rune of Zot
 30653 | D:13     | Reached skill level 19 in Fighting
 30816 | D:13     | Received a gift from Trog
 31451 | D:13     | Identified the cursed +1 scale mail of Uskayaw's Esteem {*Corrode rN+ MP+9 Int+4} (You found it on level 13 of the Dungeon)
 32209 | D:14     | Found a gate to the Vaults.
 32241 | D:14     | Received a gift from Trog
 32929 | D:15     | Entered Level 15 of the Dungeon
 33012 | D:15     | Reached XP level 18. HP: 163/178 MP: 22/25
 33333 | D:15     | Found a staircase to the Depths.
 33468 | D:15     | Reached skill level 20 in Fighting
 33703 | Vaults:1 | Entered Level 1 of the Vaults
 33798 | Vaults:1 | Received a gift from Trog
 34004 | Vaults:1 | Received a gift from Trog
 34143 | Vaults:1 | Received a gift from Trog
 35153 | Vaults:2 | Reached skill level 21 in Fighting
 35649 | Vaults:2 | Received a gift from Trog
 35756 | Vaults:2 | Found Onahuelu's Jewellery Emporium.
 35829 | Vaults:2 | Reached XP level 19. HP: 159/189 MP: 22/26
 35849 | Vaults:2 | Received a gift from Trog
 36944 | Vaults:3 | Found a shimmering altar of Xom.
 36969 | Vaults:3 | Received a gift from Trog
 37041 | Vaults:3 | Paralysed by a wizard for 6 turns
 37064 | Vaults:3 | Reached skill level 22 in Fighting
 37925 | Vaults:3 | Received a gift from Trog
 37967 | Vaults:3 | Found a staircase to the Crypt.
 38316 | Vaults:4 | Upgraded the game from 0.21-a0-582-g1b93aee to 0.21-a0-634-gaf8bc5d
 38764 | Vaults:4 | Received a gift from Trog
 39252 | Vaults:4 | Identified the +4 shortbow "Hydraslayer" {freeze, rPois Str+4 Int-4} (You found it on level 4 of the Vaults)
 39303 | Vaults:4 | Reached XP level 20. HP: 142/202 MP: 20/27
 39312 | Vaults:4 | Reached skill level 23 in Fighting
 39748 | Vaults:5 | Entered Level 5 of the Vaults
 39754 | Vaults:5 | Received a gift from Trog
 39755 | Vaults:5 | Received a gift from Trog
 39771 | Vaults:5 | Noticed an ancient lich
 39781 | Vaults:5 | Killed an ancient lich
 39782 | Vaults:5 | Noticed an ancient lich
 39954 | Vaults:5 | Received a gift from Trog
 39954 | Vaults:5 | Reached skill level 24 in Fighting
 39956 | Vaults:5 | Killed an ancient lich
 40387 | Vaults:4 | Received a gift from Trog
 40496 | Vaults:5 | Reached XP level 21. HP: 118/215 MP: 11/28
 40719 | Vaults:5 | Noticed a golden dragon
 40722 | Vaults:5 | Received a gift from Trog
 41272 | Vaults:5 | Got a silver rune of Zot
 41474 | Vaults:5 | Killed a golden dragon
 41501 | Vaults:5 | Found Uguavvi's Magic Scroll Emporium.
 41505 | Vaults:5 | Bought a scroll of enchant armour for 90 gold pieces
 41505 | Vaults:5 | Bought a scroll of magic mapping for 42 gold pieces
 41505 | Vaults:5 | Bought a scroll of holy word for 90 gold pieces
 41505 | Vaults:5 | Bought a scroll of holy word for 90 gold pieces
 41505 | Vaults:5 | Bought a scroll of teleportation for 36 gold pieces
 41505 | Vaults:5 | Bought a scroll of blinking for 90 gold pieces
 41608 | Vaults:5 | Identified the +5 pair of gloves "Wadaxyut" {+Inv rN++ Str-3} (You found it on level 5 of the Vaults)
 41631 | Vaults:5 | Got a pair of jewelled boots
 41642 | Vaults:5 | Identified the +0 pair of boots "Nuakuupo" {rN+ MP+9} (You found it on level 5 of the Vaults)
 41696 | Vaults:5 | Received a gift from Trog
 41697 | Vaults:5 | Paralysed by a sphinx for 2 turns
 42094 | Vaults:5 | Reached skill level 15 in Armour
 42099 | Vaults:5 | Received a gift from Trog
 42438 | Vaults:5 | Found Mubiv's Food Shop.
 42473 | Vaults:5 | Found Nevoetir's Food Shop.
 42924 | Elf:2    | Found a ruined gateway.
 42929 | Desolati | Entered the Desolation of Salt
 43053 | Desolati | Found the macabre finger necklace {rN+}
 43079 | Desolati | Reached XP level 22. HP: 181/224 MP: 24/29
 43097 | Desolati | Got a transparent silver ring
 43098 | Desolati | Identified the ring of Dawn {Ice *Slow +Inv Int+2 Dex+4} (You found it in the Desolation of Salt)
 43104 | Desolati | Identified the +7 hand crossbow "Duodwour" {velocity, *Drain rF+ rN+} (You found it in the Desolation of Salt)
 43165 | Desolati | Reached skill level 1 in Crossbows
 43174 | Desolati | Received a gift from Trog
 43253 | Desolati | Got a translucent hat
 43259 | Desolati | Identified the +2 hat of Summertime {rElec rCorr Str+6 Int-3} (You found it in the Desolation of Salt)
 43593 | Desolati | Received a gift from Trog
 43614 | Desolati | Got a distressingly furry chain mail
 43619 | Desolati | Got a pair of encrusted boots
 43679 | Desolati | Identified the +2 pair of boots of Pustil {rPois} (You found it in the Desolation of Salt)
 43690 | Desolati | Identified the +5 chain mail "Hir Sont" {rN+ Slay+3} (You found it in the Desolation of Salt)
 44025 | Elf:2    | Reached skill level 10 in Throwing
 44036 | Elf:2    | Found a large runed door.
 44036 | Elf:2    | Found a large runed door.
 44046 | Elf:2    | Found a large runed door.
 44046 | Elf:2    | Found a large runed door.
 44146 | Elf:2    | Received a gift from Trog
 44343 | Elf:2    | Received a gift from Trog
 44755 | Elf:2    | Received a gift from Trog
 44968 | Elf:3    | Entered Level 3 of the Elven Halls
 44971 | Elf:3    | Upgraded the game from 0.21-a0-634-gaf8bc5d to 0.22-a0-21-g9421e3f
 45427 | Elf:3    | Reached skill level 15 in Shields
 45428 | Elf:3    | Received a gift from Trog
 45600 | Elf:3    | Identified the ring "Uttoss" {MP-9 Str+9 Int+4 Dex-5} (You took it off a deep elf mage on level 3 of the Elven Halls)
 45611 | Elf:3    | Identified the ring "Wuafigeg" {rF+ rC+ rN+ Stlth+} (You took it off a deep elf death mage on level 3 of the Elven Halls)
 45678 | Elf:3    | Reached XP level 23. HP: 220/232 MP: 30/30
 45776 | Elf:3    | Got a transparent war axe
 45777 | Elf:3    | Identified the +8 war axe of Gozag's Displeasure {freeze, +Fly rElec MP-9 Dex+3} (You found it on level 3 of the Elven Halls)
 45783 | Elf:3    | Got a heavily runed chain mail
 45794 | Elf:3    | Identified the +8 chain mail of Decompression {rPois Dex+3} (You found it on level 3 of the Elven Halls)
 46276 | Crypt:1  | Entered Level 1 of the Crypt
 46364 | Crypt:1  | Received a gift from Trog
 47532 | Crypt:2  | Noticed Margery
 47549 | Crypt:2  | Killed Margery
 47929 | Crypt:2  | Received a gift from Trog
 48230 | Crypt:3  | Entered Level 3 of the Crypt
 48652 | Crypt:3  | Found a staircase to the Tomb.
 48661 | Crypt:3  | Gained mutation: Scrolls take you a little longer to read. [a neqoxec]
 48663 | Crypt:3  | Received a gift from Trog
 48974 | Crypt:3  | Found an ancient bone altar of Kikubaaqudgha.
 49051 | Crypt:3  | Reached skill level 15 in Dodging
 49147 | Crypt:3  | Noticed an ancient lich
 49159 | Crypt:3  | Killed an ancient lich
 49630 | Crypt:3  | Lost mutation: Scrolls take you a little longer to read. [potion of mutation]
 49630 | Crypt:3  | Lost mutation: You are clumsy. (Dex -2) [potion of mutation]
 49630 | Crypt:3  | Lost mutation: You are partially covered in slimy green scales. (AC +2) [potion of mutation]
 49630 | Crypt:3  | Gained mutation: Your spells are a little harder to cast, but a little more powerful. [potion of mutation]
 49630 | Crypt:3  | Gained mutation: Scrolls take you a little longer to read. [potion of mutation]
 49630 | Crypt:3  | Lost mutation: Your spells are a little harder to cast, but a little more powerful. [potion of mutation]
 49630 | Crypt:3  | Gained mutation: You are agile. (Dex +2) [potion of mutation]
 49702 | Tomb:1   | Entered Level 1 of the Tomb of the Ancients
 49779 | Tomb:1   | Received a gift from Trog
 49999 | Tomb:1   | Reached XP level 24. HP: 145/239 MP: 30/30
 51211 | Tomb:1   | Noticed a greater mummy
 51226 | Tomb:1   | Killed a greater mummy
 51434 | Tomb:1   | Noticed a greater mummy
 51434 | Tomb:1   | Noticed a greater mummy
 51434 | Tomb:1   | Noticed a greater mummy
 51442 | Tomb:1   | HP: 5/240 [mummy priest/divine providence (12)]
 51870 | Tomb:1   | Paralysed by a lich for 2 turns
 52009 | Tomb:1   | Received a gift from Trog
 52081 | Tomb:1   | Noticed a greater mummy
 52099 | Tomb:1   | Killed a greater mummy
 52410 | Tomb:1   | Noticed Mara
 52412 | Tomb:1   | Noticed Ijustatesigmund's illusion
 52421 | Tomb:1   | Killed Mara
 52492 | Tomb:1   | Noticed a greater mummy
 52511 | Tomb:1   | Killed a greater mummy
 52511 | Tomb:1   | Reached skill level 25 in Fighting
 52839 | Tomb:2   | Noticed a greater mummy
 52840 | Tomb:2   | Noticed a greater mummy
 52843 | Tomb:2   | Noticed a greater mummy
 52845 | Tomb:2   | Noticed a greater mummy
 52855 | Tomb:2   | HP: 4/363 [death scarab (15)]
 52857 | Tomb:2   | HP: 1/363 [poisoned by an ushabti (dark miasma)]
 52858 | Tomb:2   | Succumbed to an ushabti's dark miasma

Vault maps used:
D:1:      moated_graveyard_arrival, supply_closet_lemuel, minivault_27,
          serial_park_tiny_2
D:2:      st_stairs_8, minivault_25, uniq_jessica
D:3:      first_bread, uniq_sigmund, uniq_terence
D:5:      minmay_temple_entry_overgrown, serial_shops, shop_fountains
D:6:      basic_altar
D:7:      serial_shops, shop, basic_altar, minmay_misc_feat_secret_circle
D:8:      cheibrodos_two_vegetables, kennysheep_little_box, serial_shops, shop,
          basic_altar
D:9:      orc_0_dummy, serial_shops, shop, serial_ice, serial_ice_f,
          serial_ice_h, serial_ice_o, serial_ice_j, serial_ice_e, serial_ice_n,
          uniq_joseph
D:10:     grunt_lair_entry_orc_guard_hut, enter_trove_6, serial_shops, shop,
          grunt_livestock
D:11:     hex_tiny
D:12:     serial_shops, nicolae_shop_trees, grunt_ministairs_13, bloody_trog,
          uniq_fannar, uniq_erolcha
D:13:     minmay_the_grid_square_5x5_4x4
D:14:     david_vaults_4, roderic_lattice_a
D:15:     gammafunk_depths_entry_grave, minmay_misc_feat_alley
Lair:1:   lab_entry_generic, uniq_sonja
Lair:2:   shoals_dummy_entry, enter_volcano_2, grunt_megastairs_3
Lair:3:   minmay_snake_entry_six_corridors, bobbens_dragon_lair_wall
Lair:5:   minmay_slime_entry_oklob_enclosed, uniq_nessos
Lair:6:   wormcave, guppyfry_lair_end_dragon, grunt_megastairs_2
Snake:1:  cheibrodos_snake_ritualist_ritual
Snake:2:  kennysheep_six_static_rooms, basic_altar,
          nrook_guardian_serpent_double
Snake:3:  nrook_loot_triangle, uniq_jorgrun
Snake:4:  minmay_snake_end_coiled, serial_shops, shop_fountains, shop,
          shop_statue, nicolae_shop_stone, nicolae_shop_trees,
          portal_ice_cave_entry_ice_statue_one
Orc:1:    nicolae_orc_accident_2, basic_altar
Orc:2:    pf_orc_diabolical, elf_legates, uniq_donald
Elf:1:    elf_arrival_002, hangedman_elf_disciples, minmay_shop_star
Elf:2:    portal_desolation_entry_ruin, nicolae_elf_big_sculpture_1
Elf:3:    elf_hall, roderic_lattice_octagonal_star
Vaults:1: vaults_room_grunt_arrival_ludios, st_more_cells,
          vaults_room_large_hall, hangedman_vaults_river_flow, vaults_room_boxed
Vaults:2: ontoclasm_vaults_misaligned, v_misc_22, ontoclasm_vaults_ring_square,
          vaults_room_fours, v_pattern_3, nicolae_vaults_fighting_squares,
          grunt_vaults_funnel, v_rooms_4, hangedman_vaults_stretched_pinwheel,
          v_misc_3, ontoclasm_vaults_misaligned, serial_shops, shop
Vaults:3: vaults_mumra_chevron, nicolae_vaults_network_star, v_alt_pattern_5,
          vaults_standard_mumra_x, ontoclasm_vaults_chip,
          nicolae_vaults_diagonal_hallway_8, vaults_dpeg_cross,
          ontoclasm_vaults_twist, nicolae_vaults_murderbox,
          blue_anna_dwarven_crypt, basic_altar
Vaults:4: v_alt_pattern_4, nicolae_vaults_stairing_the_circle,
          nicolae_vaults_network_s, kb_rosetta, vaults_dpeg_ring,
          nicolae_vaults_little_squares_1, vaults_room_octagon,
          ontoclasm_vaults_idyll, nicolae_vaults_network_quinsquares,
          ontoclasm_vaults_gateway
Vaults:5: serial_shops
Crypt:1:  nrook_guardian_serpent_ordinary
Crypt:2:  uniq_margery
Crypt:3:  evilmike_haunted_forest
Tomb:1:   uniq_mara
Lab:      nicolae_lab_dead_adventurers, nicolae_lab_x, nicolae_lab_flowing_pool,
          labyrinth_skeletal_remains, nicolae_lab_statue, nicolae_lab_plus,
          nicolae_lab_t_cross
IceCv:    ice_cave_caverns_03
Volcano:  volcano_grotto

Skill      XL: |  1  2  3  4  5  6  7  8  9 10 11 12 13 14 15 16 17 18 19 20 21 22 23 24 |
---------------+-------------------------------------------------------------------------+-----
Fighting       | 4 5 6 7 8 9 10 13 14 15 16 17 19 21 22 24 25 | 25.0
Axes           | 4 5 6 7 8 9 11 13 14 15 16 18 20 22 23 24 | 24.4
Armour         | 4 5 6 7 9 11 13 15 16 18 | 18.8
Dodging        | 5 6 7 9 10 12 13 15 16 | 16.0
Shields        | 4 7 8 9 11 13 15 17 | 17.6
Evocations     | 2 4 5 8 9 10 11 | 11.0
Throwing       | 5 7 9 11 12 13 | 13.5
Crossbows      | 4 |  4.0

Action                   |  1- 3 |  4- 6 |  7- 9 | 10-12 | 13-15 | 16-18 | 19-21 | 22-24 || total
-------------------------+-------+-------+-------+-------+-------+-------+-------+-------++-------
Melee: Hand axe          |    69 |    49 |   280 |    14 |       |       |       |       ||   412
       Headbutt          |    14 |     6 |    58 |   126 |   253 |   384 |   331 |   532 ||  1704
       War axe           |       |       |    28 |   528 |    14 |       |       |       ||   570
       Broad axe         |       |       |       |       |   940 |  1449 |  1112 |  1555 ||  5056
Throw: Javelin           |       |       |       |       |     3 |       |    10 |    16 ||    29
Invok: Berserk           |       |     4 |     8 |    10 |     5 |     2 |       |     5 ||    34
       Trog's Hand       |       |     1 |       |     4 |     5 |     4 |     7 |     5 ||    26
       Burn Spellbooks   |       |       |       |     3 |     1 |     3 |     2 |    10 ||    19
       Brothers in Arms  |       |       |       |     1 |       |       |       |     2 ||     3
 Abil: Evoke Invisibilit |       |       |       |       |     1 |       |     2 |     1 ||     4
Evoke: Wand              |       |       |    10 |    12 |    18 |     1 |     2 |    11 ||    54
  Use: Scroll            |     4 |     2 |    15 |    11 |    16 |    16 |    24 |    14 ||   102
       Potion            |       |       |       |       |     2 |     4 |     2 |    12 ||    20
 Stab: Invisible         |       |       |       |       |       |     4 |    12 |       ||    16
       Distracted        |       |       |       |       |       |       |     1 |     1 ||     2
  Eat: Chunk             |       |     3 |    15 |    16 |     9 |    18 |     9 |     5 ||    75
       Buggy jelly       |       |     1 |     1 |     7 |     4 |       |       |       ||    13
       Buggy fruit       |       |       |     2 |     3 |     3 |       |       |       ||     8
       Buggy ration      |       |       |     2 |       |     1 |     1 |       |       ||     4
       Ration            |       |       |       |       |     3 |     5 |     6 |    12 ||    26
Armor: Animal skin       |     8 |       |       |       |       |       |       |       ||     8
       Ring mail         |     4 |     4 |       |       |       |       |       |       ||     8
       Chain mail        |       |    17 |   100 |   113 |   305 |       |       |       ||   535
       Plate armour      |       |       |       |    42 |    40 |   374 |       |       ||   456
       Gold dragon scale |       |       |       |       |       |   249 |   605 |   563 ||  1417
Dodge: Dodged            |    50 |    20 |   110 |   157 |   312 |   378 |   304 |   465 ||  1796
Block: Shield            |       |       |    72 |   307 |   510 |   998 |   576 |       ||  2463
       Large shield      |       |       |       |       |       |       |   131 |  1502 ||  1633

Table legend:
 A = Spawn XP
 B = Non-spawn XP
 C = Spawn XP percentage of total XP
 D = Spawn monster count
 E = Non-spawn monster count
 F = Spawn count percentage of total count
 G = Total turns spent on level
                    A         B        C        D         E        F      G
               +---------+---------+-------+---------+---------+-------+---------
         Total |       0 | 1065575 |   0.0 |       0 |    2095 |   0.0 | 52858
               +---------+---------+-------+---------+---------+-------+---------
           D:1 |       0 |      42 |   0.0 |       0 |      25 |   0.0 |   487
           D:2 |       0 |      88 |   0.0 |       0 |      12 |   0.0 |   643
           D:3 |       0 |     684 |   0.0 |       0 |      29 |   0.0 |  1037
           D:4 |       0 |     510 |   0.0 |       0 |      28 |   0.0 |   703
           D:5 |       0 |     702 |   0.0 |       0 |      19 |   0.0 |   777
           D:6 |       0 |     472 |   0.0 |       0 |      13 |   0.0 |  1146
           D:7 |       0 |     596 |   0.0 |       0 |      10 |   0.0 |   887
           D:8 |       0 |    1754 |   0.0 |       0 |      19 |   0.0 |  1853
           D:9 |       0 |    3163 |   0.0 |       0 |      72 |   0.0 |  1190
          D:10 |       0 |    5696 |   0.0 |       0 |      48 |   0.0 |  1698
          D:11 |       0 |    9116 |   0.0 |       0 |      31 |   0.0 |  1689
          D:12 |       0 |    6676 |   0.0 |       0 |      25 |   0.0 |   836
          D:13 |       0 |   22565 |   0.0 |       0 |      62 |   0.0 |  1420
          D:14 |       0 |    7151 |   0.0 |       0 |      27 |   0.0 |  1111
          D:15 |       0 |   17562 |   0.0 |       0 |      46 |   0.0 |   744
        Lair:1 |       0 |    3790 |   0.0 |       0 |      11 |   0.0 |   784
        Lair:2 |       0 |    3565 |   0.0 |       0 |      12 |   0.0 |  1147
        Lair:3 |       0 |   10577 |   0.0 |       0 |      51 |   0.0 |  1305
        Lair:4 |       0 |    7175 |   0.0 |       0 |      15 |   0.0 |   979
        Lair:5 |       0 |    8596 |   0.0 |       0 |      25 |   0.0 |   977
        Lair:6 |       0 |   21722 |   0.0 |       0 |      68 |   0.0 |  2098
       Snake:1 |       0 |   20989 |   0.0 |       0 |      43 |   0.0 |  1479
       Snake:2 |       0 |   11897 |   0.0 |       0 |      28 |   0.0 |  1102
       Snake:3 |       0 |   16894 |   0.0 |       0 |      24 |   0.0 |   539
       Snake:4 |       0 |   46371 |   0.0 |       0 |      93 |   0.0 |  1362
         Orc:1 |       0 |    9527 |   0.0 |       0 |      49 |   0.0 |  1149
         Orc:2 |       0 |   26135 |   0.0 |       0 |      98 |   0.0 |  1897
         Elf:1 |       0 |   27567 |   0.0 |       0 |      43 |   0.0 |  1625
         Elf:2 |       0 |   38860 |   0.0 |       0 |      58 |   0.0 |  1075
         Elf:3 |       0 |   55906 |   0.0 |       0 |      50 |   0.0 |   989
      Vaults:1 |       0 |   38740 |   0.0 |       0 |      75 |   0.0 |  1432
      Vaults:2 |       0 |   51453 |   0.0 |       0 |      99 |   0.0 |  1594
      Vaults:3 |       0 |   44428 |   0.0 |       0 |      76 |   0.0 |  1698
      Vaults:4 |       0 |   63063 |   0.0 |       0 |      85 |   0.0 |  2227
      Vaults:5 |       0 |  190215 |   0.0 |       0 |     157 |   0.0 |  2119
       Crypt:1 |       0 |   22177 |   0.0 |       0 |      35 |   0.0 |   971
       Crypt:2 |       0 |   33996 |   0.0 |       0 |      54 |   0.0 |   983
       Crypt:3 |       0 |   68783 |   0.0 |       0 |      99 |   0.0 |  1472
        Tomb:1 |       0 |   87690 |   0.0 |       0 |      78 |   0.0 |  3133
        Tomb:2 |       0 |    4120 |   0.0 |       0 |       7 |   0.0 |    23
           Lab |       0 |    1051 |   0.0 |       0 |       1 |   0.0 |   149
         IceCv |       0 |    9526 |   0.0 |       0 |      52 |   0.0 |   854
       Volcano |       0 |    4416 |   0.0 |       0 |      19 |   0.0 |   473
    Desolation |       0 |   59569 |   0.0 |       0 |     124 |   0.0 |  1002
               +---------+---------+-------+---------+---------+-------+---------
